 Dungeon Crawl Stone Soup version 0.28.0-45-g0d030f2227 (webtiles) character file.

Game seed: 16001749450663597500

63 Woods the Insei (level 4, -3/39 HPs)
             Began as a Naga Transmuter on Apr 21, 2022.
             Slain by Terence
             ... wielding a +0 flail
              (6 damage)
             ... on level 2 of the Dungeon.
             The game lasted 00:01:41 (2129 turns).

Woods the Insei (Naga Transmuter)                   Turns: 2129, Time: 00:01:42

Health: -3/39      AC:  2    Str: 12    XL:     4   Next: 9%
Magic:  7/7        EV: 10    Int: 15    God:
Gold:   62         SH:  0    Dex: 12    Spells: 6/7 levels left

rFire   . . .      SeeInvis +     - Unarmed
rCold   . . .      Faith    .   (no shield)
rNeg    . . .      Spirit   .   a - +0 robe
rPois   +          Reflect  .   (helmet currently unavailable)
rElec   .          Harm     .   (no cloak)
rCorr   .          Rampage  .   (no gloves)
Will    .....                   (no barding)
Stlth   ++........              (no amulet)
HPRegen 0.13/turn               (no ring)
MPRegen 0.10/turn               (no ring)

@: appendages (expiring), very slow
A: horns 2, AC +1, large, see invisible, deformed body, poison resistance,
slowness 2, spit poison 1, naga tail 1
a: Spit Poison, End Transformation


You were on level 2 of the Dungeon.
You had temporarily grown beastly horns.
You visited 1 branch of the dungeon, and saw 2 of its levels.

You collected 62 gold pieces.

Inventory:

Armour
 a - a +0 robe (worn)
Jewellery
 f - an amulet of regeneration
Scrolls
 b - a scroll of brand weapon {unknown}
 d - a scroll of immolation {unknown}
 e - a scroll of identify {unknown}
 g - a scroll of noise {unknown}
Potions
 c - a potion of cancellation {unknown}


   Skills:
 + Level 1.8 Fighting
 - Level 1.5 Dodging
 + Level 1.0 Stealth
 + Level 4.4 Unarmed Combat
 - Level 2.0 Spellcasting
 - Level 2.0 Transmutations


You had 6 spell levels left.
You knew the following spells:

 Your Spells              Type           Power      Damage    Failure   Level
a - Beastly Appendage     Tmut           14%        N/A       10%         1

Your spell library contained the following spells:

 Spells                   Type           Power      Damage    Failure   Level
 Wereblood                Tmut           7%         N/A       14%         2
 Spider Form              Tmut/Pois      4%         N/A       41%         3
 Ice Form                 Ice/Tmut       4%         N/A       82%         4


Dungeon Overview and Level Annotations

Branches:
Dungeon (2/15)

Altars:

Annotations:
D:2 Terence


Innate Abilities, Weirdness & Mutations

You have temporarily grown beastly horns.
Your serpentine skin is tough. (AC +1)
You have supernaturally acute eyesight. (SInv)
Armour fits poorly on your strangely shaped body.
Your system is resistant to poisons. (rPois)
You cover ground very slowly.
You can spit poison.
You have a snake-like lower body.


Message History

There are monsters nearby!
Casting: Beastly Appendage (safe; 10% risk of failure)
Confirm with . or Enter, or press ? or * to list all spells.
You grow a pair of large bovine horns.
The goblin shouts!
Aiming: Spit Poison (1% risk of failure)
Press: ? - help, Shift-Dir - straight line, f - Terence
Aim: Terence, wielding a +0 flail and wearing a +3 scale mail of poison resistance (65% to hit)
The splash of poison hits Terence but does no damage.
Terence is poisoned.
You closely miss Terence.
Terence is lightly wounded.
Terence says, "Did you write a will?
You should..."
Terence hits you with a +0 flail!
You hit Terence.
Terence is moderately wounded.
Your transformation is almost over.
You have got your breath back.
Terence looks more healthy.
You hit Terence.
Terence is heavily wounded.
Terence barely misses you. The goblin hits you with a +0 flail!
You hit Terence.
Terence is severely wounded.
Terence bares his teeth.
Terence hits you with a +0 flail. The goblin hits you with a +0 flail!
* * * LOW HITPOINT WARNING * * *
Aiming: Spit Poison (1% risk of failure)
Press: ? - help, Shift-Dir - straight line, f/p - Terence
Aim: Terence, wielding a +0 flail and wearing a +3 scale mail of poison resistance (severely wounded, 65% to hit)
The splash of poison hits Terence.
Terence is poisoned.
Terence is severely wounded.
Terence hits you with a +0 flail!
* * * LOW HITPOINT WARNING * * *
The goblin hits you but does no damage. Terence misses you.
You have got your breath back.
The goblin hits you but does no damage. Terence hits you with a +0 flail.
You die...

....>.###†# #.. ##.####
#.# #..# #.# #.# #..# #.#
#.# #..# #.######.## #).#
#.........# #..######
########..####..g....#####
#........@........?
#.######@####.#####
#.............#
#######...###.# #...#.....
#.#...###.# ##.##.##
.....# # ##.##.##
###.##.#..<######


You could see Terence (poisoned) and a goblin.

Vanquished Creatures
  Natasha (D:2)
  An adder (D:2)
  A worm (D:2)
  3 ball pythons (D:1)
  A bat (D:2)
  4 endoplasms
  4 goblins
  A hobgoblin (D:1)
  2 jackals (D:1)
  A frilled lizard (D:1)
  A kobold (D:1)
  5 rats
  A spectral kobold (D:1)
26 creatures vanquished.

Notes
Turn   | Place    | Note
-------+----------+-------------------------------------------
     0 | D:1      | Woods the Naga Transmuter began the quest for the Orb.
     0 | D:1      | Reached XP level 1. HP: 18/18 MP: 3/3
   511 | D:1      | Reached XP level 2. HP: 16/25 MP: 3/5
   871 | D:1      | Found a faded altar of an unknown god.
  1610 | D:2      | Reached XP level 3. HP: 21/31 MP: 4/6
  1714 | D:2      | Noticed Natasha
  1721 | D:2      | Killed Natasha
  1722 | D:2      | Reached skill level 4 in Unarmed Combat
  1808 | D:2      | Reached XP level 4. HP: 27/39 MP: 7/7
  1976 | D:2      | Reached skill level 1 in Stealth
  2117 | D:2      | Noticed Terence
  2129 | D:2      | Slain by Terence

Illustrated notes

Levels and vault maps discovered:
D:1:      evilmike_arrival_rings, layout_basic,
          dreamdust_ecumenical_altar_drowned_temple, kennysheep_boxes
D:2:      layout_loops_ring, basic_altar, uniq_natasha, uniq_terence

Skill      XL: |  1  2  3  4 |
---------------+-------------+-----
Unarmed Combat | 4 |  4.4
Stealth        | 1 |  1.0
Fighting       | |  1.8
Dodging        | |  1.5
Spellcasting   | |  2.0
Transmutations | |  2.0

Action                   |  1- 3 |  4- 6 || total
-------------------------+-------+-------++-------
Melee: Unarmed           |    70 |     9 ||    79
       Punch             |     3 |       ||     3
       Headbutt          |     1 |     1 ||     2
 Cast: Beastly Appendage |    10 |     4 ||    14
 Abil: Spit Poison       |     4 |     3 ||     7
Armor: Robe              |    11 |     3 ||    14
Dodge: Dodged            |    30 |     3 ||    33
